 Dungeon Crawl Stone Soup version 0.27.0-1-g7a089689b8 (webtiles) character file.

Game seed: 4661117334153042432

293 Smaepdii the Cleaver (level 6, -1/76 HPs)
             Began as a Hill Orc Monk on Aug 3, 2021.
             Was a Believer of Beogh.
             Succumbed to a hornet's poison
             ... on level 6 of the Dungeon.
             The game lasted 00:24:34 (5403 turns).

Smaepdii the Cleaver (Hill Orc Monk)                Turns: 5403, Time: 00:24:35

Health: -1/76      AC: 23    Str: 16    XL:     6   Next: 33%
Magic:  6/6        EV:  2    Int: 10    God:    Beogh [**....]
Gold:   45         SH:  0    Dex: 13    Spells: 5/5 levels left

rFire    . . .     SeeInvis .   a - +0 hand axe
rCold    . . .     Faith    .   (no shield)
rNeg     + + +     Spirit   .   (armour currently unavailable)
rPois    +         Reflect  .   (helmet currently unavailable)
rElec    .         Harm     .   (cloak currently unavailable)
rCorr    .         Rampage  .   (gloves currently unavailable)
Will     .....     NoTele   +   (boots currently unavailable)
Stlth    ++........             (no amulet)
HPRegen  0.22/turn              b - +4 ring of evasion
MPRegen  0.10/turn              (no ring)

@: lethally poisoned (-1 -> -10), tree-form, slowed, very slow
A: stationary, stasis, torment immunity, boosted hp
a: Renounce Religion, Smiting


You were on level 6 of the Dungeon.
You worshipped Beogh.
Beogh was pleased with you.
You were a tree.
You visited 1 branch of the dungeon, and saw 6 of its levels.

You collected 108 gold pieces.
You spent 63 gold pieces at shops.

Inventory:

Hand Weapons
 a - a +0 hand axe (weapon)
Missiles
 i - 18 poisoned darts (quivered)
Armour
 f - a +0 chain mail (melded)
 k - a +0 cloak (melded)
Jewellery
 b - a +4 ring of evasion (left branch)
Scrolls
 d - a scroll of holy word {unknown}
 e - 2 scrolls of enchant weapon {unknown}
 j - a scroll of vulnerability {unknown}
 m - a scroll of fog {unknown}
 n - 2 scrolls of amnesia {unknown}
 o - a scroll of immolation {unknown}
Potions
 c - a potion of attraction {unknown}
 g - 2 potions of lignification
 h - a potion of haste {unknown}
 l - a potion of curing {unknown}
 p - a potion of resistance {unknown}


   Skills:
 - Level 3.6 Fighting
 * Level 9.1 Axes
 - Level 2.4 Dodging
 - Level 1.5 Stealth


You had 5 spell levels left.
You didn't know any spells.
Your spell library contained the following spells:

 Spells                   Type           Power      Damage    Failure   Level
 Sandblast                Erth           0%         2d4       36%         1
 Passwall                 Tmut/Erth      0%         N/A       50%         2
 Stone Arrow              Conj/Erth      0%         3d7       75%         3
 Bolt of Magma            Conj/Fire/Erth 0%         4d4       100%        5
 Lee's Rapid Deconstruct  Erth           0%         3d5*      100%        5
 Shatter                  Erth           0%         3d5*      100%        9


Dungeon Overview and Level Annotations

Branches:
Dungeon (7/15)
 Temple: D:4-7

Altars:
Nemelex Xobeh
Xom
The Shining One

Shops:
D:2 [((:(


Message History

You suddenly lose the ability to move!
You feel very sick.
The centaur skeleton hits you but does no damage.
The centaur skeleton kicks you but does no damage.
The hornet stings you but does no damage.
You can move again.
There is a stone staircase leading up here.
You feel sick. The hornet stings you!
You are more poisoned.
You feel yourself slow down.
The centaur skeleton hits you but does no damage.
The centaur skeleton misses you. The hornet closely misses you.
You climb upwards.
You feel yourself speed up.
You feel very sick.
Found a coppery potion.
There is a stone staircase leading down here.
You feel very sick.
The hound barks!
The hornet stings you but does no damage.
You feel sick.
The hornet stings you but does no damage. x2
You feel sick.
Found a shimmering altar of Xom.
You feel sick. The hornet stings you!
* * * LOW HITPOINT WARNING * * *
You are lethally poisoned!
You feel yourself slow down.
It was a potion of lignification.
You turn into a tree.
Your +0 cloak melds into your body.
Your +0 chain mail melds into your body.
Your roots penetrate the ground.
* * * LOW HITPOINT WARNING * * *
You feel very sick. The hornet stings you.
* * * LOW HITPOINT WARNING * * *
You feel as though you will be slow longer.
The hornet stings you but does no damage.
You miss the hornet.
You die...

#####
###_###
#8...8#
##.....##
#8.....8
#.....#
#8...8#
##...♣.##
#8...y.8#
##..!..##
#8...8#
###>###
#####
#..#h#
#..#.#
##.#.#


You could see a hornet and a hound.

Vanquished Creatures
  A scorpion (D:4)
  A wyvern skeleton (D:7)
  A hound (D:7)
  3 gnolls (D:2)
  4 adders
  An adder skeleton (D:4)
  3 worms (D:2)
  4 dart slugs
  An orc (D:3)
  4 ball pythons
  8 bats
  13 endoplasms
  3 giant cockroaches
  2 goblins (D:1)
  8 hobgoblins
  2 jackals (D:1)
  6 kobolds
  A quokka (D:1)
  3 frilled lizards
  5 rats
74 creatures vanquished.

Vanquished Creatures (others)
  An orc (D:3)
  A goblin (D:3)
2 creatures vanquished.

Grand Total: 76 creatures vanquished

Notes
Turn   | Place    | Note
-------+----------+-------------------------------------------
     0 | D:1      | Smaepdii the Hill Orc Monk began the quest for the Orb.
     0 | D:1      | Reached XP level 1. HP: 19/19 MP: 1/1
   316 | D:1      | Reached XP level 2. HP: 15/26 MP: 2/2
   630 | D:1      | Reached skill level 5 in Axes
   874 | D:1      | Reached XP level 3. HP: 26/31 MP: 3/3
  1914 | D:2      | Found Atemog's Antique Weapon Emporium.
  1942 | D:2      | Reached skill level 6 in Axes
  2453 | D:2      | Found Oklooffi's Armour Shoppe.
  2471 | D:2      | Reached XP level 4. HP: 33/39 MP: 4/4
  2634 | D:2      | Bought a +0 chain mail for 63 gold pieces
  2679 | D:2      | Reached skill level 7 in Axes
  3197 | D:2      | Found Peugoysie's Antique Weapon Shop.
  3256 | D:2      | Found a faded altar of an unknown god.
  3290 | D:2      | Reached XP level 5. HP: 31/45 MP: 5/5
  3459 | D:2      | Found Jivviy's Antique Weapon Emporium.
  3502 | D:2      | Found Guof's Book Shop.
  4066 | D:3      | Became a worshipper of Beogh the Brigand
  4066 | D:3      | Reached * piety under Beogh
  4066 | D:3      | Reached ** piety under Beogh
  4523 | D:3      | Found a sparkling altar of Nemelex Xobeh.
  4523 | D:3      | Found a glowing golden altar of the Shining One.
  4775 | D:4      | Reached skill level 8 in Axes
  5073 | D:4      | You fall into a shaft and drop 3 floors!
  5105 | D:7      | Reached XP level 6. HP: 13/51 MP: 2/6
  5114 | D:7      | Reached skill level 9 in Axes
  5390 | D:7      | Noticed a hornet
  5394 | D:7      | Paralysed by a hornet for 2 turns
  5400 | D:6      | Found a shimmering altar of Xom.
  5402 | D:6      | HP: 2/76 [hornet (6)]
  5403 | D:6      | Succumbed to a hornet's poison

Illustrated notes

Levels and vault maps discovered:
D:1:      psy_arrival_terrarium, layout_basic, grunt_decor_one_mirror
D:2:      layout_basic, serial_shops, shop, nicolae_diamond_shop, shop, shop,
          nicolae_shop_crystal, dreamdust_ecumenical_altar_angels_and_demons,
          chequers_decorated_corner
D:3:      layout_loops_cross, gammafunk_temple_overflow_statue
D:4:      layout_cave_pools, mainiacjoe_overflow_chevrons,
          minmay_temple_entry_poolview
D:6:      layout_loops_ring, nicolae_overflow_hidden_temple,
          mainiacjoe_overflow_24_doors
D:7:      layout_basic, zin_treasury, serial_shops, shop,
          nicolae_ossuary_entry_monument

Skill      XL: |  1  2  3  4  5  6 |
---------------+-------------------+-----
Axes           | 5 6 7 8 9 |  9.1
Fighting       | |  3.6
Dodging        | |  2.4
Stealth        | |  1.5

Action                   |  1- 3 |  4- 6 || total
-------------------------+-------+-------++-------
Melee: Hand axe          |   175 |   166 ||   341
Invok: Smiting           |       |     1 ||     1
       Convert to Beogh  |       |     1 ||     1
  Use: Potion            |       |     1 ||     1
 Stab: Sleeping          |     2 |       ||     2
Armor: Robe              |    42 |       ||    42
       Chain mail        |       |    72 ||    72
       Skin              |       |     1 ||     1
Dodge: Dodged            |   122 |    73 ||   195
